 Dungeon Crawl Stone Soup version 0.28.0-53-g5a82cb258f (webtiles) character file.

Game seed: 8732680043723223437

9878 cbfl8 the Cleaver (level 11, -4/99 HPs)
             Began as a Minotaur Fighter on July 20, 2022.
             Was a Believer of Qazlal.
             Shot themself with a cutting wind (15 damage)
             ... on level 9 of the Dungeon.
             The game lasted 00:22:37 (10396 turns).

cbfl8 the Cleaver (Minotaur Fighter)               Turns: 10396, Time: 00:22:38

Health: -4/99      AC: 23    Str: 26    XL:     11   Next: 28%
Magic:  9/14       EV:  8    Int:  5    God:    Qazlal [**....]
Gold:   470        SH: 14    Dex: 15    Spells: 10/10 levels left

rFire   . . .      SeeInvis .   d - +0 broad axe
rCold   . . .      Faith    .   c - +0 buckler
rNeg    . . .      Spirit   .   m - +0 plate armour
rPois   .          Reflect  +   (helmet restricted)
rElec   .          Harm     .   A - +0 cloak
rCorr   .          Rampage  .   o - +2 pair of gloves
Will    .....                   g - +0 pair of boots
Stlth   ..........              q - amulet of reflection
HPRegen 0.26/turn               i - +4 ring of protection
MPRegen 0.14/turn               t - +6 ring of strength

@: no status effects
A: horns 2, retaliatory headbutt
a: Renounce Religion, Upheaval


You were on level 9 of the Dungeon.
You worshipped Qazlal.
Qazlal was pleased with you.
You visited 2 branches of the dungeon, and saw 11 of its levels.
You also visited: Bailey.

You collected 615 gold pieces.
You spent 145 gold pieces at shops.

Inventory:

Hand Weapons
 a - a +0 war axe
 d - a +0 broad axe (weapon)
Missiles
 h - a throwing net
Armour
 c - a +0 buckler (worn)
 g - a +0 pair of boots (worn)
 k - a +4 scale mail
 m - a +0 plate armour (worn)
 o - a +2 pair of gloves (worn)
 A - a +0 cloak (worn)
Jewellery
 i - a +4 ring of protection (left hand)
 n - a +6 ring of strength
 q - an amulet of reflection (around neck)
 t - a +6 ring of strength (right hand)
Wands
 b - a wand of iceblast (6) (quivered)
 v - a wand of flame (9)
 B - a wand of digging (7)
Scrolls
 u - a scroll of amnesia
 w - a scroll of noise
Potions
 f - 2 potions of degeneration
 j - a potion of magic
 r - 4 potions of attraction
 s - a potion of flight


   Skills:
 * Level 9.9 Fighting
 + Level 12.2 Axes
 + Level 8.2 Armour
 + Level 3.4 Dodging
 + Level 1.0 Stealth
 + Level 9.0 Shields
 * Level 6.3 Invocations
 * Level 3.8 Evocations


You had 10 spell levels left.
You didn't know any spells.
Your spell library contained the following spells:

 Spells                   Type           Power      Damage    Failure   Level
 Scorch                   Fire           0%         2d5       100%        2
 Stone Arrow              Conj/Erth      0%         3d7       100%        3
 Animate Armour           Summ/Erth      0%         N/A       100%        4
 Flame Wave               Conj/Fire      0%         2d4       100%        4
 Summon Cactus Giant      Summ           0%         N/A       100%        6
 Lehudib's Crystal Spear  Conj/Erth      0%         10d2      100%        8


Dungeon Overview and Level Annotations

Branches:
Dungeon (10/15)            Temple (1/1) D:5            Lair (0/6) D:9
    Orc (0/2) D:9          Bailey (visited)

Altars:
Cheibriados
Dithmenos
Elyvilon
Fedhas
Hepliaklqana
Makhleb
Qazlal
Ru
Uskayaw
Wu Jian
Xom
Yredelemnul
Zin
The Shining One

Shops:
D:4 *   D:9 (((*

Annotations:
D:4 2 transporters, MiltankisOP's ghost, weakling MiDe
D:5 3 runed translucent doors, aChris07's ghost, novice HOFi
D:8 1 runed translucent door, turdburglar's ghost, novice GnFi


Innate Abilities, Weirdness & Mutations

You have a pair of horns on your head.
You reflexively headbutt those who attack you in melee.


Message History

You block the 11-headed hydra's attack. The 11-headed hydra bites you!
* * * LOW HITPOINT WARNING * * *
The 11-headed hydra barely misses you. You block the 11-headed hydra's attack.
The 11-headed hydra barely misses you.
Okay, then.
As you read the scroll of fog, it crumbles to dust.
The scroll dissolves into smoke.
The raiju changes into a harpy!
You block the 11-headed hydra's attack.
The 11-headed hydra bites you but does no damage.
The 11-headed hydra bites you.
* * * LOW HITPOINT WARNING * * *
The 11-headed hydra bites you but does no damage. x3
You block the 11-headed hydra's attack.
The 11-headed hydra bites you but does no damage.
You block the 11-headed hydra's attack. The 11-headed hydra bites you.
* * * LOW HITPOINT WARNING * * *
You block the 11-headed hydra's attack.
The 11-headed hydra bites you but does no damage.
The 11-headed hydra completely misses you.
The 11-headed hydra bites you but does no damage.
The 11-headed hydra bites you.
* * * LOW HITPOINT WARNING * * *
The 11-headed hydra closely misses you. You block the 11-headed hydra's attack.
The 11-headed hydra bites you but does no damage. x3
You block the 11-headed hydra's attack. The 11-headed hydra barely misses you.
Okay, then.
Aiming: Upheaval
Press: ? - help, Dir - move target, f - 11-headed hydra
Aim: an 11-headed hydra (blue smoke, severely wounded) That beam is likely to hit you.
Continue anyway?
Okay, then.
Aiming: Upheaval
Press: ? - help, Dir - move target, f/p - 11-headed hydra
Aim: an 11-headed hydra (blue smoke, severely wounded) That beam is likely to hit you.
Continue anyway?
A storm cloud blasts the area with cutting wind!
The cutting wind hits the 11-headed hydra!!
The 11-headed hydra is almost dead.
The cutting wind hits you!
You die...

#..#..#..#..# #.####
#.....#.....# #.#
#.....#...Zo# #.#
####################.#
)............[.......#
.)............[......#
######################
#.....#.....#.§§§§§#
#..)..#.....#.§§@D§#
#..#..#..#..#.§###§#
#).#..#..#..#..# §H#
...#.....#.....#.(.#
...#.....#.....#?([#
####################


You could see a 11-headed hydra, an orc wizard and a centaur zombie.

Vanquished Creatures
  2 two-headed ogres
  A death yak (D:10)
  An orc knight (Bailey)
  A troll (D:10)
  A hornet (D:8)
  Prince Ribbit (D:8)
  A shadow (D:9)
  9 yaks
  2 steam dragons (D:8)
  6 vampire mosquitoes (D:10)
  An ice beast (D:7)
  2 sky beasts
  A hornet zombie (D:7)
  8 orc warriors
  A necrophage (D:5)
  An ogre (D:6)
  7 centaurs
  A kobold brigand (D:6)
  2 phantoms
  2 bullfrogs
  A wyvern zombie (D:6)
  A scorpion (D:6)
  8 killer bees
  4 wights (D:9)
  3 howler monkeys
  2 electric eels (Bailey)
  A bullfrog zombie (D:5)
  7 centaur zombies
  2 hounds
  2 orc priests
  3 gnoll shamans
  3 iguanas
  Jessica (D:2)
  A bullfrog skeleton (D:6)
  3 orc wizards
  A hound zombie (D:5)
  A hound skeleton (D:4)
  A howler monkey zombie (D:9)
  13 gnolls
  9 adders
  An ufetubus (D:6)
  An adder skeleton (D:4)
  3 worms
  A dart slug (D:1)
  31 orcs
  9 endoplasms
  4 giant cockroaches
  26 goblins
  11 hobgoblins
  6 jackals
  16 kobolds
  3 quokkas
  7 ball pythons
  7 bats (D:1)
  3 frilled lizards
  8 rats
255 creatures vanquished.

Vanquished Creatures (collateral kills)
  An orc high priest (Bailey)
  A hobgoblin (Bailey)
2 creatures vanquished.

Vanquished Creatures (others)
  An orc warrior (Bailey)
  A fungus (D:8)
  5 plants
7 creatures vanquished.

Grand Total: 264 creatures vanquished

Notes
Turn   | Place    | Note
-------+----------+-------------------------------------------
     0 | D:1      | cbfl8 the Minotaur Fighter began the quest for the Orb.
     0 | D:1      | Reached XP level 1. HP: 19/19 MP: 0/0
   296 | D:1      | Reached XP level 2. HP: 20/27 MP: 1/1
   720 | D:1      | Reached skill level 3 in Axes
   731 | D:1      | Found a faded altar of an unknown god.
   740 | D:1      | Reached XP level 3. HP: 32/33 MP: 2/2
  1140 | D:2      | Found a basalt altar of Yredelemnul.
  1255 | D:2      | Noticed Jessica
  1260 | D:2      | Killed Jessica
  1261 | D:2      | Reached skill level 4 in Axes
  1261 | D:2      | Reached XP level 4. HP: 40/40 MP: 3/3
  1864 | D:3      | Found a glowing silver altar of Zin.
  1997 | D:3      | Found a white marble altar of Elyvilon.
  2054 | D:3      | Reached XP level 5. HP: 47/47 MP: 4/4
  2372 | D:4      | Found a transporter.
  2372 | D:4      | Noticed MiltankisOP's ghost (weakling MiDe)
  2381 | D:4      | Found a transporter.
  2387 | D:4      | Reached skill level 5 in Axes
  2462 | D:4      | Noticed a phantom
  2470 | D:4      | Killed a phantom
  2471 | D:4      | Reached XP level 6. HP: 53/53 MP: 5/5
  2650 | D:4      | Reached skill level 6 in Axes
  2708 | D:4      | Found Koetial's Assorted Antiques.
  3128 | D:5      | Entered Level 5 of the Dungeon
  3128 | D:5      | Found a runed translucent gate.
  3128 | D:5      | Found a runed translucent gate.
  3128 | D:5      | Found a runed translucent gate.
  3134 | D:5      | Noticed aChris07's ghost (novice HOFi)
  3221 | D:5      | Reached skill level 5 in Armour
  3281 | D:5      | Found a staircase to the Ecumenical Temple.
  3285 | D:5      | Noticed a sky beast
  3291 | Temple   | Entered the Ecumenical Temple
  3297 | Temple   | Killed a sky beast
  3298 | Temple   | Reached skill level 7 in Axes
  3469 | Temple   | Became a worshipper of Qazlal Stormbringer
  3558 | D:5      | Found an ornate altar of the Wu Jian Council.
  3608 | D:5      | Reached XP level 7. HP: 57/60 MP: 6/6
  3610 | D:5      | Reached skill level 5 in Fighting
  3610 | D:5      | Reached skill level 1 in Dodging
  3691 | D:5      | Reached skill level 8 in Axes
  3893 | D:5      | Reached skill level 1 in Invocations
  4147 | D:6      | Reached * piety under Qazlal
  4182 | D:6      | Reached skill level 5 in Shields
  4205 | D:6      | Reached XP level 8. HP: 69/69 MP: 7/7
  4311 | D:6      | Found a hazy altar of Hepliaklqana.
  5455 | D:7      | Reached skill level 9 in Axes
  5580 | D:7      | Found a shadowy altar of Dithmenos.
  5910 | D:8      | Noticed a hornet
  5922 | D:8      | Killed a hornet
  5950 | D:8      | Noticed Prince Ribbit
  6094 | D:8      | Killed Prince Ribbit
  6095 | D:8      | Reached XP level 9. HP: 74/79 MP: 10/10
  6098 | D:8      | Noticed a two-headed ogre
  6110 | D:8      | Killed a two-headed ogre
  6464 | D:8      | Reached skill level 10 in Axes
  6499 | D:8      | Found a flagged portal.
  6518 | Bailey   | Entered a bailey
  6721 | Bailey   | Reached ** piety under Qazlal
  6841 | Bailey   | Reached skill level 1 in Evocations
  6890 | Bailey   | Noticed an orc knight
  6912 | Bailey   | Killed an orc knight
  6913 | Bailey   | Reached skill level 5 in Invocations
  6917 | Bailey   | Reached XP level 10. HP: 46/88 MP: 12/12
  7116 | Bailey   | Noticed an orc high priest
  7135 | Bailey   | Noticed a smoke demon
  7138 | Bailey   | Killed an orc high priest
  7206 | Bailey   | Noticed an orc knight
  7235 | Bailey   | Noticed an orc sorcerer
  7236 | Bailey   | Noticed a smoke demon
  7860 | D:8      | Found a runed translucent door.
  7862 | D:8      | Noticed turdburglar's ghost (novice GnFi)
  7862 | D:8      | Identified the +8 spear of Incongruity {flame, Dex+4}
  8220 | D:9      | Found a burning altar of Makhleb.
  8247 | D:9      | Reached skill level 11 in Axes
  8291 | D:8      | Reached skill level 1 in Stealth
  8935 | D:9      | Found Ituet's Weapon Shop.
  8982 | D:9      | Noticed a manticore
  9137 | D:9      | Found Yrarical's Weapon Shop.
  9155 | D:9      | Found Xetis's Assorted Antiques.
  9167 | D:9      | Bought a potion of heal wounds for 145 gold pieces
  9215 | D:9      | Found Uptur's Weapon Emporium.
  9215 | D:9      | Found a staircase to the Orcish Mines.
  9243 | D:9      | Noticed a death yak
  9249 | D:9      | Noticed a death yak
  9252 | D:9      | Noticed a death yak
  9253 | D:9      | Found a staircase to the Lair.
  9253 | D:9      | Noticed a death yak
  9253 | D:9      | Noticed a death yak
  9260 | D:10     | Entered Level 10 of the Dungeon
  9307 | D:10     | Killed a death yak
  9621 | D:10     | Reached XP level 11. HP: 57/97 MP: 14/14
  9982 | D:10     | Found a snail-covered altar of Cheibriados.
 10136 | D:10     | Noticed a two-headed ogre
 10142 | D:10     | Killed a two-headed ogre
 10143 | D:10     | Reached skill level 12 in Axes
 10383 | D:9      | Noticed a seven-headed hydra
 10393 | D:9      | Noticed a harpy
 10393 | D:9      | a raiju changed into a harpy
 10396 | D:9      | Shot themself with a cutting wind

Illustrated notes

Levels and vault maps discovered:
D:1:      eino_arrival_cavern_a, layout_basic,
          shapermc_ecumenical_altar_starsandcircs, st_stairs_3, minmay_3d_cube
D:2:      kennysheep_the_goblin_king, layout_rooms, basic_altar, uniq_jessica
D:3:      layout_basic, elyvilon_altar_3, lemuel_doored_altar, nrook_campfire
D:4:      layout_basic, serial_shops, shop, gammafunk_ghost_arena,
          corexii_shack, grunt_decor_cap, kennysheep_decorative_pillar,
          minmay_misc_feat_diagonals, minivault_25
D:5:      layout_loops_ring, nicolae_wu_jian_immortal_techniques,
          minmay_temple_entry_overgrown, ebering_ghost_rock_garden
D:6:      layout_basic, worldfamousw_hep_ancestral_shrine, grunt_ministairs_8
D:7:      layout_gridville, grunt_dithmenos_shadows,
          minmay_misc_feat_more_columns, chequers_decorated_corner
D:8:      layout_cave_pools, enter_bailey_5, ebering_ghost_funeral_grove,
          uniq_prince_ribbit1
D:9:      kennysheep_windowed_halls, layout_cave_pools,
          mainiacjoe_overflow_paths, dpeg_lair_monsters, orc_david_3,
          serial_shops, shop, shop, nicolae_lakefront_shop,
          small_statue_intersection, centaur_isle
D:10:     layout_long_grid, nemelex_spade_bored_becter,
          mainiacjoe_overflow_six_doors_small
Temple:   minmay_temple_curvy_branch

Skill      XL: |  1  2  3  4  5  6  7  8  9 10 11 |
---------------+----------------------------------+-----
Shields        | 4 5 6 7 8 9 |  9.0
Armour         | 4 5 6 7 8 |  8.2
Axes           | 3 4 5 7 8 9 10 11 12 | 12.2
Fighting       | 4 5 7 8 9 |  9.9
Dodging        | 1 2 3 |  3.4
Invocations    | 1 3 5 6 |  6.3
Evocations     | 1 3 |  3.8
Stealth        | 1 |  1.0

Action                   |  1- 3 |  4- 6 |  7- 9 | 10-12 || total
-------------------------+-------+-------+-------+-------++-------
Melee: War axe           |    94 |   125 |   273 |       ||   492
       Headbutt          |     9 |    14 |    50 |    39 ||   112
       Broad axe         |       |       |       |   157 ||   157
Invok: Upheaval          |       |       |       |     9 ||     9
Evoke: Wand              |       |       |       |    14 ||    14
  Use: Scroll            |       |       |    12 |    10 ||    22
       Potion            |       |       |     4 |     4 ||     8
Armor: Scale mail        |    38 |    67 |   104 |       ||   209
       Chain mail        |    18 |       |       |       ||    18
       Plate armour      |       |       |       |   165 ||   165
Dodge: Dodged            |    30 |    66 |    78 |    97 ||   271
Block: Buckler           |    15 |    32 |   169 |   206 ||   422
       Reflection        |       |     2 |     7 |    12 ||    21
